 Dungeon Crawl Stone Soup version 0.29-a0-819-g94b489e0ae (webtiles) character file.

Game seed: 1313375741322034498

6622 buhh the Martial Artist (level 11, -1/80 HPs)
             Began as an Octopode Transmuter on July 6, 2022.
             Was an Elder of Cheibriados.
             Slain by a troll (7 damage)
             ... on level 9 of the Dungeon.
             The game lasted 00:34:16 (13090 turns).

buhh the Martial Artist (Octopode Transmuter)      Turns: 13090, Time: 00:34:17

Health: -1/80      AC:  2    Str: 20    XL:     11   Next: 2%
Magic:  0/23       EV: 30    Int: 28    God:    Cheibriados [****..]
Gold:   631        SH:  0    Dex: 26    Spells: 4/14 levels left

rFire   . . .      SeeInvis .     - Unarmed
rCold   + . .      Faith    .   (shield currently unavailable)
rNeg    . . .      Spirit   +   (helmet currently unavailable)
rPois   .          Reflect  .   v - amulet of guardian spirit
rElec   .          Harm     .   i - ring of wizardry
rCorr   .          Rampage  .   m - ring of protection from cold
Will    .....                   r - ring of flight
Stlth   ++........              o - ring of poison resistance
HPRegen 0.23/turn               D - ring of magical power
MPRegen 0.18/turn               (no ring)
                                (no ring)
                                (no ring)

@: confused, spider-form, ambrosia-drunk, flying, very slow
A: venomous fangs, almost no armour, (amphibious), 8 rings, tiny, (camouflage
1), (gelatinous body 1), (nimble swimmer 1), (tentacles)
a: End Transformation, Renounce Religion, Bend Time, Temporal Distortion, Slouch


You were on level 9 of the Dungeon.
You worshipped Cheibriados.
Cheibriados was greatly pleased with you.
You were a venomous arachnid creature.
You visited 2 branches of the dungeon, and saw 11 of its levels.
You also visited: Bailey.

You collected 631 gold pieces.

Inventory:

Hand Weapons
 x - the +5 dagger of Rokuj {freeze, Str+3 Dex+6}
   (You found it on level 6 of the Dungeon)

   It freezes those it strikes, dealing additional cold damage.
   It can also slow down cold-blooded creatures.
   Str:       It affects your strength (+3).
   Dex:       It affects your dexterity (+6).
 G - the +11 war axe "Woroifow" {vorpal, rF- rC++ Dex+5}
   (You found it on level 9 of the Dungeon)

   It inflicts extra damage upon your enemies.
   Dex:       It affects your dexterity (+5).
   rF:        It makes you vulnerable to fire.
   rC:        It greatly protects you from cold.
Missiles
 j - 20 poisoned darts
 p - 5 atropa-tipped darts
 u - 4 throwing nets
Jewellery
 i - a ring of wizardry (left front leg)
 m - a ring of protection from cold (right front leg)
 o - a ring of poison resistance (on tentacle)
 r - a ring of flight (on tentacle)
 v - an amulet of guardian spirit (around neck)
 D - a ring of magical power (on tentacle)
Wands
 y - a wand of flame (53)
 C - a wand of iceblast (7)
Scrolls
 b - 2 scrolls of enchant weapon
 g - 3 scrolls of amnesia
 n - 3 scrolls of noise
 s - a scroll of magic mapping {!r!d}
 B - a scroll of torment
 E - a scroll of vulnerability {unknown}
 F - a scroll of poison {unknown}
Potions
 a - 2 potions of cancellation {unknown}
 c - 2 potions of degeneration
 d - 2 potions of brilliance {!q!d}
 e - a potion of magic {unknown}
 f - 2 potions of flight
 k - 2 potions of heal wounds {unknown}
 l - 3 potions of mutation {unknown}
 q - 2 potions of invisibility {unknown}
 t - a potion of might {unknown}
 w - a potion of haste {unknown}
 z - a potion of resistance {!q!d}


   Skills:
 - Level 9.0 Fighting
 - Level 9.0 Dodging
 - Level 5.0 Stealth
 - Level 9.0 Unarmed Combat
 - Level 2.0 Spellcasting
 * Level 4.9 Transmutations
 - Level 4.0 Poison Magic


You had 4 spell levels left.
You knew the following spells:

 Your Spells              Type           Power      Damage    Failure   Level
a - Beastly Appendage     Tmut           60%        N/A       2%          1
b - Wereblood             Tmut           30%        N/A       3%          2
c - Spider Form           Tmut/Pois      27%        N/A       5%          3
d - Olgreb's Toxic Radia  Pois           25%        N/A       16%         4

Your spell library contained the following spells:

 Spells                   Type           Power      Damage    Failure   Level
 Sting                    Tmut/Pois      100%       1d8       2%          1
 Poisonous Vapours        Pois/Air       28%        N/A       7%          2
 Confusing Touch          Hex            2%         N/A       21%         3
 Gell's Gravitas          Tloc           2%         N/A       21%         3
 Lesser Beckoning         Tloc           2%         N/A       21%         3
 Summon Guardian Golem    Hex/Summ       2%         N/A       21%         3
 Teleport Other           Tloc           2%         N/A       21%         3
 Ice Form                 Ice/Tmut       16%        N/A       26%         4
 Corpse Rot               Necr/Pois/Air  10%        N/A       36%         4
 Cause Fear               Hex            1%         N/A       50%         4
 Yara's Violent Unravell  Hex/Tmut       8%         3d5       52%         5
 Dragon Form              Tmut           15%        N/A       99%         7
 Enfeeble                 Hex            1%         N/A       100%        7
 Orb of Destruction       Conj           1%         9d5       100%        7
 Spellforged Servitor     Conj/Summ      1%         N/A       100%        7
 Dragon's Call            Summ           1%         N/A       100%        9


Dungeon Overview and Level Annotations

Branches:
Dungeon (10/15) Zot: 39930  Temple (1/1) D:7 Zot: 8951    Lair (0/6) D:8
 Bailey (visited)
    Orc: D:9-12

Altars:
Cheibriados
Dithmenos
Elyvilon
Gozag
Makhleb
Nemelex Xobeh
Qazlal
Ru
Sif Muna
Wu Jian
Xom
Yredelemnul
Zin

Shops:
D:4 :*

Annotations:
D:9 exclusion: hornet


Innate Abilities, Weirdness & Mutations

You are a venomous arachnid creature.
You have poisonous fangs.
You are tiny and dextrous.
Your spellcasting is less reliable in this form.
Your armour is entirely melded.
You are incapable of wielding weapons or throwing items.
You cannot wear most types of armour.
((You are amphibious.))
You can wear up to eight rings at the same time.
((Your skin changes colour to match your surroundings (Stealth+).))
((Your rubbery body absorbs attacks. (AC +1, EV +1)))
((You are camouflaged when in or above water. (Stealth+)))
((You have tentacles for arms and can constrict up to eight enemies at once.))


Message History

The yak completely misses you.
Okay, then.
Aiming: Iceblast
Press: ? - help, Shift-Dir - straight line, f - troll
Aim: a troll The mass of ice explodes!
The iceblast engulfs the troll!
The troll is moderately wounded.
The iceblast engulfs the yak!
The yak is moderately wounded.
The yak barely misses you.
A yak comes into view.
The yak completely misses you.
You bite the troll!
The troll looks as sick as possible!
The troll is heavily wounded.
The yak gores you but does no damage. The troll barely misses you.
The troll completely misses you. x2
A wight comes into view. It is wielding a +0 battleaxe.
A yak comes into view.
The yak completely misses you.
You barely miss the troll.
The troll is heavily wounded.
The yak misses you. The troll completely misses you.
The troll barely misses you. The troll completely misses you.
A wight comes into view. It is wielding a +0 morningstar.
You hit the troll.
The troll is severely wounded.
The troll misses you. The troll completely misses you. The troll claws you!
The yak gores you!
* * * LOW HITPOINT WARNING * * *
The troll attacks as you move away! The troll completely misses you.
The troll claws you.
* * * LOW HITPOINT WARNING * * *
The troll misses you. The yak closely misses you.
Really quaff
h - a potion of ambrosia {!q!d}?
You are confused.
You feel invigorated.
The yak completely misses you. x2; The troll bites you!!
* * * LOW HITPOINT WARNING * * *
The troll misses you. The troll completely misses you.
The yak completely misses you. The yak misses you. The troll bites you!
You die...

..# *..#********,,,,,,,,,*******
..# *).# *..#****,,,,,,,,, ..#
*.†# #..# *,,,,,,,,, ..#
*..#########..# *,,,,,,,,,
..####))...........# *,,,,,,<,,
....YYY............# *,,,,,,,,,
....Y.Y............#####.,,,,,,,,
..####...................,,,,,,,,
..# *..........sT)......,,,,,,,,
..# *..........YY)......,*******
..# *..........Y)Y......,* ..#
*....)..)...........,*
..#***..#########...Y....,*
,,,,,,,,* #........,*******
,,,,,,,,* #..Y.z...,,,,,,,,
,.#***,,* #........,,,,,,,, ..#
*..# #........,*******


You could see 6 yaks, a troll (very poisoned) and a wight.

Vanquished Creatures
  2 orc knights (Bailey)
  Sigmund (D:2)
  A wyvern (D:9)
  12 yaks
  Duvessa (D:4)
  A water moccasin (D:9)
  9 orc warriors
  A sky beast (D:8)
  An ogre (D:5)
  A black bear (D:5)
  A phantom (D:6)
  Blork the orc (D:4)
  A kobold brigand (D:7)
  4 bullfrogs
  A necrophage (D:8)
  4 scorpions
  11 wights
  Dowan (D:4)
  3 killer bees
  A howler monkey (D:6)
  3 hounds
  A jelly (D:6)
  4 orc priests
  4 iguanas (D:5)
  5 orc wizards
  7 adders
  15 gnolls
  2 white imps
  An ufetubus (D:5)
  3 worms
  A dart slug (D:3)
  34 orcs
  3 ball pythons
  4 bats
  6 endoplasms
  5 giant cockroaches
  20 goblins
  14 hobgoblins
  4 jackals (D:5)
  10 kobolds
  4 quokkas
  A frilled lizard (D:2)
  2 rats (D:1)
211 creatures vanquished.

Vanquished Creatures (collateral kills)
  An iguana (D:5)
1 creature vanquished.

Grand Total: 212 creatures vanquished

Notes
Turn   | Place    | Note
-------+----------+-------------------------------------------
     0 | D:1      | buhh the Octopode Transmuter began the quest for the Orb.
     0 | D:1      | Reached XP level 1. HP: 13/13 MP: 3/3
   433 | D:1      | Reached XP level 2. HP: 15/18 MP: 3/5
  1196 | D:2      | Reached XP level 3. HP: 10/23 MP: 4/6
  1827 | D:2      | Noticed Sigmund
  2703 | D:3      | Learned a level 2 spell: Wereblood
  2707 | D:3      | Learned a level 3 spell: Spider Form
  2721 | D:3      | Reached XP level 4. HP: 16/28 MP: 5/7
  2875 | D:3      | Found a faded altar of an unknown god.
  3145 | D:3      | Noticed a scorpion
  3303 | D:4      | Found Uluo's Tremendous Tomes.
  3551 | D:4      | Noticed Dowan
  3582 | D:4      | Found Zihaeh's Fire Supplies.
  3660 | D:4      | Noticed Blork the orc
  3895 | D:4      | Found a stormy altar of Qazlal.
  4028 | D:5      | Entered Level 5 of the Dungeon
  4396 | D:5      | Reached XP level 5. HP: 21/34 MP: 2/8
  4578 | D:5      | Found a white marble altar of Elyvilon.
  4863 | D:5      | Reached XP level 6. HP: 29/41 MP: 3/9
  4999 | D:3      | Reached skill level 5 in Unarmed Combat
  6292 | D:4      | You are sucked into a shaft and drop 2 floors!
  6292 | D:6      | Found a basalt altar of Yredelemnul.
  6631 | D:5      | Reached XP level 7. HP: 46/46 MP: 6/10
  7274 | D:6      | Identified the +5 dagger of Rokuj {freeze, Str+3 Dex+6}
  7397 | D:6      | Noticed a white ugly thing
  7660 | D:6      | Reached XP level 8. HP: 54/54 MP: 3/11
  7838 | D:6      | Found a sparkling altar of Nemelex Xobeh.
  8172 | D:7      | Reached skill level 5 in Dodging
  8200 | D:7      | Learned a level 4 spell: Olgreb's Toxic Radiance
  8210 | D:7      | Found a staircase to the Ecumenical Temple.
  8353 | Temple   | Entered the Ecumenical Temple
  8372 | Temple   | Became a worshipper of Cheibriados the Contemplative
  8929 | D:7      | Identified a scroll of acquirement
  9400 | D:8      | Reached * piety under Cheibriados
  9601 | D:8      | Found a staircase to the Lair.
  9609 | D:8      | Reached XP level 9. HP: 53/59 MP: 8/12
 10290 | D:4      | Noticed Duvessa
 10339 | D:4      | Killed Duvessa
 10343 | D:4      | Killed Dowan
 10344 | D:4      | Reached skill level 5 in Fighting
 10670 | D:4      | Killed Blork the orc
 10897 | D:2      | Killed Sigmund
 10898 | D:2      | Reached skill level 8 in Unarmed Combat
 11242 | D:9      | Reached skill level 8 in Dodging
 11531 | D:9      | Found a flagged portal.
 11540 | Bailey   | Entered a bailey
 11558 | Bailey   | Reached ** piety under Cheibriados
 11817 | Bailey   | Reached XP level 10. HP: 70/71 MP: 6/13
 11954 | Bailey   | Reached skill level 8 in Fighting
 12263 | Bailey   | Noticed an orc knight
 12287 | Bailey   | Killed an orc knight
 12291 | Bailey   | Noticed an orc knight
 12305 | Bailey   | Killed an orc knight
 12306 | Bailey   | Reached *** piety under Cheibriados
 12624 | Bailey   | Noticed an orc warlord
 12648 | D:10     | Entered Level 10 of the Dungeon
 12650 | D:10     | Acquired a ring of poison resistance
 12913 | D:9      | Reached skill level 5 in Stealth
 13029 | D:9      | Identified the +11 war axe "Woroifow" {vorpal, rF- rC++
                  | Dex+5}
 13074 | D:9      | Reached **** piety under Cheibriados
 13080 | D:9      | Reached XP level 11. HP: 41/80 MP: 4/14
 13089 | D:9      | HP: 1/80 [troll (15)]
 13090 | D:9      | Slain by a troll

Illustrated notes

Levels and vault maps discovered:
D:1:      dpeg_arrival_fog, layout_loops_cross
D:2:      layout_rooms, nicolae_concentric_dashed_squares_wild,
          minmay_misc_feat_tiny, minmay_tetromino_t4, uniq_sigmund
D:3:      layout_loops_cross, hellmonk_ecumenical_altar_blasted
D:4:      layout_basic, lemuel_tele_altar, minmay_misc_feat_iff,
          nicolae_shop_i_like_big_books, nicolae_shop_fire_sale
          [nicolae_sub_dead_trees], uniq_blork_the_orc, uniq_duvessa
D:5:      layout_cave_pods, elyvilon_altar_3
D:6:      layout_loops_ring, mainiacjoe_overflow_catch_the_wave,
          lightli_corner_chamber
D:7:      layout_basic, temple_pool_b, kennysheep_generic_room_5
D:8:      layout_rooms, lair_entry_dummy
D:9:      layout_small_grid, enter_bailey_6
D:10:     minmay_chopped_fan, layout_loops_corners, serial_aquarium,
          aquarium_bridge_square [aquarium_subvault_window,
          aquarium_subvault_window, aquarium_subvault_bridge,
          aquarium_subvault_bridge], aquarium_bridge_island_large
          [aquarium_subvault_large_open, aquarium_subvault_bridge,
          aquarium_subvault_wall, aquarium_subvault_bridge,
          aquarium_subvault_bridge], aquarium_window_1, aquarium_window_corner,
          aquarium_window_3, aquarium_view_2b, aquarium_balcony_3a,
          aquarium_pool_1, hangedman_feature_mirror, uniq_josephine
Temple:   compressed_dpeg_circular_temple

Skill      XL: |  1  2  3  4  5  6  7  8  9 10 |
---------------+-------------------------------+-----
Stealth        | 1 2 3 5 |  5.0
Poison Magic   | 1 2 3 4 |  4.0
Fighting       | 2 3 4 7 9 |  9.0
Unarmed Combat | 4 5 6 7 8 9 |  9.0
Dodging        | 3 4 6 8 9 |  9.0
Transmutations | 4 |  4.9
Spellcasting   | |  2.0

Action                   |  1- 3 |  4- 6 |  7- 9 | 10-12 || total
-------------------------+-------+-------+-------+-------++-------
Melee: Unarmed           |    81 |   127 |   205 |    70 ||   483
       Kick              |    20 |    11 |       |       ||    31
       Constrict         |    22 |     9 |    11 |     3 ||    45
       Tentacles         |    16 |     8 |     8 |     1 ||    33
       Punch             |     1 |     1 |     3 |       ||     5
       Dagger            |       |       |    40 |       ||    40
 Cast: Beastly Appendage |    28 |    10 |     3 |     1 ||    42
       Spider Form       |       |    19 |    34 |     9 ||    62
       Wereblood         |       |     2 |     3 |     2 ||     7
       Olgreb's Toxic Ra |       |       |    14 |    12 ||    26
Evoke: Wand              |       |       |     7 |    14 ||    21
  Use: Potion            |     1 |     1 |     6 |     1 ||     9
       Scroll            |     5 |     2 |     7 |     3 ||    17
 Stab: Sleeping          |     4 |     5 |     4 |     2 ||    15
       Paralysed         |       |       |       |     7 ||     7
Armor: Skin              |     9 |     2 |    43 |     3 ||    57
Dodge: Dodged            |    46 |    90 |   197 |    73 ||   406

Table legend: (Time is in decaauts)
 A = Elapsed time spent in this place.
 B = Non-inter-level travel time spent in this place.
 C = Inter-level travel time spent in this place.
 D = Time resting spent in this place.
 E = Time spent auto-exploring this place.
 F = Levels seen in this place.
 G = Mean time per level.
                   A        B        C        D        E       F      G
               +--------+--------+--------+--------+--------+-----+--------+
         Total |  13909 |  12787 |   1122 |   4271 |   5295 |  12 | 1159.1 |
       Dungeon |  12644 |  11541 |   1103 |   3585 |   5246 |  10 | 1264.4 |
        Temple |     38 |     20 |     18 |      0 |     10 |   1 |   38.0 |
        Bailey |   1226 |   1226 |      0 |    686 |     38 |   1 | 1226.0 |
               +--------+--------+--------+--------+--------+-----+--------+

Top non-repeatable levels by time:
     D:4: 1869 daAuts
     D:3: 1820 daAuts
     D:5: 1736 daAuts
     D:1: 1654 daAuts
     D:7: 1332 daAuts
     D:2: 1255 daAuts
  Bailey: 1226 daAuts
     D:6: 1190 daAuts
     D:8: 1069 daAuts
     D:9: 558 daAuts
    D:10: 158 daAuts
  Temple: 38 daAuts
